 Dungeon Crawl Stone Soup version 0.22-a0-422-g9628fc8 (webtiles) character file.

15418 Borgoz the Fighter (level 12, 0/77 HPs)
             Began as a Gargoyle Abyssal Knight on May 17, 2018.
             Was a High Priest of Lugonu.
             Slain by a blink frog (10 damage)
             ... on level 3 of the Lair of Beasts.
             The game lasted 00:39:57 (18673 turns).

Borgoz the Fighter (Gargoyle Abyssal Knight)       Turns: 18673, Time: 00:39:58

Health: 0/77       AC: 16    Str: 19    XL:     12   Next: 26%
Magic:  17/17      EV: 15    Int: 13    God:    Lugonu [*****.]
Gold:   478        SH:  5    Dex: 13    Spells: 11/11 levels left

rFire    + . .     SeeInvis +   h - +0 whip (elec)
rCold    . . .     Gourm    .   (no shield)
rNeg     + . .     Faith    .   b - +0 ring mail {rF+}
rPois    ∞         Spirit   .   (no helmet)
rElec    +         Reflect  +   (no cloak)
rCorr    .         Harm     .   (no gloves)
MR       .....                  (no boots)
Stlth    +.........             g - +5 amulet of reflection
HPRegen  0.22/turn              i - ring of see invisible
MPRegen  0.15/turn              (no ring)

@: slowed, very slow
A: claws 1, talons 1, low mp 1, negative energy resistance 1, electricity
resistance, strong 1, unbreathing, petrification resistance, rot immunity, AC +8
a: Depart the Abyss, Bend Space, Banish, Corrupt, Enter the Abyss, Renounce
Religion


You were on level 3 of the Lair of Beasts.
You worshipped Lugonu.
Lugonu was extremely pleased with you.
You were hungry.

You visited 3 branches of the dungeon, and saw 15 of its levels.
You visited the Abyss 1 time.
You also visited: Ossuary.

You collected 765 gold pieces.
You spent 287 gold pieces at shops.

Inventory:

Hand Weapons
 h - a +0 whip of electrocution (weapon)
 v - a +0 mace of holy wrath
Missiles
 f - a throwing net (quivered)
Armour
 b - a +0 ring mail of fire resistance (worn)
Jewellery
 e - an uncursed amulet of the acrobat
 g - a +5 amulet of reflection (around neck)
 i - a ring of see invisible (left claw)
 A - an uncursed ring of positive energy
Wands
 a - a wand of digging (6)
 k - a wand of polymorph (17)
 q - a wand of disintegration (12)
 y - a wand of paralysis (22)
Scrolls
 d - 6 scrolls of teleportation
 j - 2 scrolls of enchant armour
 l - a scroll of identify
 n - a scroll of blinking
 p - a scroll of holy word
 r - 4 scrolls of fear
 s - 2 scrolls of magic mapping
 u - a scroll of remove curse
Potions
 m - a potion of haste
 o - 3 potions of curing
 x - a potion of invisibility
Miscellaneous
 C - a lamp of fire (inert)
Comestibles
 c - 25 rations


   Skills:
 + Level 10.2 Fighting
 + Level 9.1 Maces & Flails
 + Level 9.9 Armour
 + Level 7.4 Dodging
 + Level 9.9 Invocations


You had 11 spell levels left.
You didn't know any spells.
Your spell library contained the following spells:

 Spells                   Type           Power        Failure   Level  Hunger
 Lightning Bolt           Conj/Air       #.........   100%        5    ######.
 Stone Arrow              Conj/Erth      #.....       82%         3    ####...
 Shock                    Conj/Air       #...         43%         1    ##.....
 Swiftness                Chrm/Air       #.......     58%         2    ###....
 Airstrike                Air            #.........   99%         4    #####..
 Passwall                 Tmut/Erth      #.........   58%         2    ###....
 Static Discharge         Conj/Air       #.......     82%         3    ####...
 Lee's Rapid Deconstruct  Erth           #.........   100%        5    ######.
 Sandblast                Erth           #.....       43%         1    ##.....
 Petrify                  Tmut/Erth      #.......     99%         4    #####..
 Infusion                 Chrm           #...         43%         1    ##.....


Dungeon Overview and Level Annotations

Branches:
Dungeon (11/15)            Temple (1/1) D:5            Lair (3/6) D:9
  Swamp: Lair:2-4    Shoals: Lair:2-4     Snake: Lair:2-4    Spider: Lair:2-4
    Orc: D:9-12

Altars:
Ashenzari
Cheibriados
Dithmenos
Elyvilon
Fedhas
Gozag
Hepliaklqana
Kikubaaqudgha
Makhleb
Nemelex Xobeh
Okawaru
Qazlal
Ru
Sif Muna
Trog
Uskayaw
Vehumet
Wu Jian
Xom
Yredelemnul
Zin
The Shining One

Shops:
D:4 *   D:5 *   D:6 ?   D:9 }

Annotations:
D:10 iamserjio's ghost, journeyman FoEE
Lair:2 Gastronok


Innate Abilities, Weirdness & Mutations

You are resistant to torment.
Your stone body is resilient. (AC +8)
You are immune to poison.
You resist negative energy. (rN+)
You are resistant to electric shocks. (rElec)
You can survive without breathing.
You are immune to petrification.
You are immune to rotting.
You have sharp fingernails.
You have sharp toenails.
Your magical capacity is low. (-10% MP)
Your muscles are strong. (Str +2)


Message History

You claw the blink frog.
The blink frog is moderately wounded.
The blink frog closely misses you.
You hit the blink frog. You claw the blink frog.
The blink frog is heavily wounded.
The blink frog misses you.
The blink frog blinks!
You hit the blink frog but do no damage.
Your kick misses the blink frog.
The blink frog is heavily wounded.
The blink frog completely misses you.
The blink frog blinks!
You block the blink frog's attack.
You hit the blink frog.
The blink frog is severely wounded.
The blink frog blinks!
The blink frog hits you!
* * * LOW HITPOINT WARNING * * *
You block the blink frog's attack.
You barely miss the blink frog. You claw the blink frog.
The blink frog is lightly wounded.
The blink frog blinks!
The blink frog hits you!
You die...

.... ..#
P.# ..#
##.. P.#
#F# # #@#
##.##.##F#
....F..FF#
#....F..<#
##P...#.§#
.......$.#
.##.#....#
#. ###.# #
#.#


You could see 4 blink frogs.

Vanquished Creatures
  Snorg (D:10)
  3 two-headed ogres (D:8)
  The ghost of Verendum the Grappler, a novice TrMo (D:7)
  Pikel (D:4)
  The ghost of PegasusDuck the Magician, a novice TeWz (D:8)
  A spiny frog (Lair:1)
  A rime drake (Lair:2)
  A komodo dragon (Lair:1)
  A polar bear (Lair:2)
  Prince Ribbit (D:6)
  4 hippogriffs
  A vampire (D:10)
  A wraith (D:5)
  2 wyverns (D:9)
  9 yaks
  A steam dragon (D:7)
  Menkaure (D:5)
  2 insubstantial wisps (D:7)
  Duvessa (D:5)
  2 water moccasins (Lair:1)
  5 porcupines
  3 black bears
  5 orc warriors
  7 sky beasts
  2 slaves (D:5)
  2 phantoms
  7 ogres
  4 centaurs
  4 crocodiles
  2 big kobolds
  7 bullfrogs
  Dowan (D:5)
  5 scorpions
  18 killer bees
  5 wights (D:10)
  2 howler monkeys
  An electric eel (Lair:1)
  3 crimson imps
  7 hounds
  A jelly (D:8)
  2 centaur skeletons
  5 orc priests
  A gnoll shaman (D:6)
  12 orc wizards
  A bullfrog skeleton (D:7)
  3 iguanas
  10 worker ants
  A hound zombie (D:11)
  3 hound skeletons
  A howler monkey zombie (D:5)
  A worker ant zombie (D:8)
  17 gnolls
  13 adders
  A shadow imp (D:7)
  An ooze (D:6)
  An adder zombie (Ossuary)
  A dart slug (D:5)
  5 worms
  3 leopard geckos
  38 orcs
  4 giant cockroaches
  12 goblins
  9 hobgoblins
  7 jackals
  22 kobolds
  4 quokkas
  A ball python (D:3)
  A ball python skeleton (Ossuary)
  3 bats
  8 frilled lizards
  3 hobgoblin skeletons (Ossuary)
  3 hobgoblin zombies (Ossuary)
  A jackal skeleton (D:5)
  A quokka skeleton (D:9)
  2 quokka zombies (D:5)
  2 rats
  2 fungi
  2 plants (D:9)
334 creatures vanquished.

Vanquished Creatures (others)
  A slave (D:5)
  An ogre (D:5)
  A howler monkey (D:5)
  An orc wizard (D:7)
  2 plants (D:3)
6 creatures vanquished.

Grand Total: 340 creatures vanquished

Notes
Turn   | Place    | Note
-------+----------+-------------------------------------------
     0 | Abyss:1  | Borgoz the Gargoyle Abyssal Knight began the quest for the Orb.
     0 | Abyss:1  | Reached XP level 1. HP: 14/14 MP: 2/2
    62 | Abyss:2  | Noticed a titan skeleton
    63 | Abyss:2  | Noticed a small abomination
    64 | D:1      | Escaped the Abyss
   246 | D:1      | Reached * piety under Lugonu
   324 | D:1      | Reached skill level 1 in Dodging
   324 | D:1      | Reached XP level 2. HP: 17/19 MP: 3/3
  1379 | D:2      | Found a shattered altar of Ashenzari.
  1380 | D:2      | Found an ornate altar of the Wu Jian Council.
  1381 | D:2      | Found a basalt altar of Yredelemnul.
  1698 | D:2      | Reached XP level 3. HP: 23/23 MP: 4/4
  2426 | D:3      | Reached XP level 4. HP: 28/29 MP: 5/5
  3030 | D:3      | Noticed an orc warrior
  3369 | D:3      | Reached skill level 4 in Fighting
  3394 | D:3      | Reached XP level 5. HP: 9/33 MP: 7/7
  3649 | D:3      | Found a stormy altar of Qazlal.
  3757 | D:3      | Reached ** piety under Lugonu
  3786 | D:3      | Found an ancient bone altar of Kikubaaqudgha.
  3786 | D:3      | Found a shadowy altar of Dithmenos.
  3788 | D:3      | Found a shimmering altar of Xom.
  3788 | D:3      | Found a hide-covered altar of Uskayaw.
  3788 | D:3      | Found an iron altar of Okawaru.
  4595 | D:2      | Reached XP level 6. HP: 39/39 MP: 8/8
  4866 | D:5      | Entered Level 5 of the Dungeon
  4866 | D:5      | Noticed Duvessa
  4866 | D:5      | Noticed Dowan
  4881 | D:4      | Found Gukhliacs's General Store.
  4889 | D:4      | Bought a +0 ring mail of fire resistance for 132 gold pieces
  5026 | D:5      | Found Fasasuar's Fabulous Fripperies.
  5138 | D:5      | Gained mutation: Your muscles are strong. (Str +2) [potion of mutation]
  5138 | D:5      | Gained mutation: Your magical capacity is low. (-10% MP) [potion of mutation]
  5138 | D:5      | Gained mutation: You have sharp toenails. [potion of mutation]
  5138 | D:5      | Gained mutation: You have sharp fingernails. [potion of mutation]
  5180 | D:5      | Noticed Pikel
  5180 | D:5      | Noticed a slave
  5187 | D:5      | Noticed a slave
  5189 | D:5      | Noticed a slave
  5226 | D:5      | Found a sand-covered staircase.
  5235 | Ossuary  | Entered an ossuary
  5502 | Ossuary  | Noticed a flying skull
  5502 | Ossuary  | Noticed a wraith
  5508 | Ossuary  | Noticed a flying skull
  5512 | Ossuary  | Noticed a flying skull
  5515 | Ossuary  | Noticed a flying skull
  5554 | Ossuary  | Noticed a wraith
  5575 | Ossuary  | Noticed a flying skull
  5590 | Ossuary  | Noticed a wraith
  5841 | D:5      | Found a staircase to the Ecumenical Temple.
  5859 | Temple   | Entered the Ecumenical Temple
  6094 | D:5      | Noticed a slave
  6153 | D:5      | Killed a slave
  6293 | D:5      | Killed a slave
  6509 | D:6      | Noticed a sky beast
  6532 | D:3      | Reached XP level 7. HP: 16/44 MP: 8/8
  7019 | D:4      | Found a shadowy altar of Dithmenos.
  7179 | D:4      | Reached skill level 5 in Fighting
  7209 | D:4      | Found a hazy altar of Hepliaklqana.
  7299 | D:4      | Found an iron altar of Okawaru.
  7698 | D:4      | Killed Pikel
  7698 | D:4      | Reached skill level 5 in Armour
  7698 | D:4      | Reached XP level 8. HP: 19/50 MP: 10/10
  7914 | D:5      | Noticed Menkaure
  7925 | D:5      | Killed Menkaure
  7925 | D:5      | Reached skill level 5 in Invocations
  8292 | D:6      | Found Zoodghy's Magic Scroll Shoppe.
  8296 | D:6      | You fall through a shaft!
  8454 | D:7      | Reached skill level 6 in Fighting
  8454 | D:7      | Reached skill level 5 in Maces & Flails
  8470 | D:7      | Noticed Verendum's ghost (novice TrMo)
  8493 | D:8      | Noticed PegasusDuck's ghost (novice TeWz)
  8836 | D:8      | Noticed a two-headed ogre
  8886 | D:6      | Noticed Prince Ribbit
  8901 | D:5      | Reached XP level 9. HP: 14/56 MP: 11/11
  8907 | D:5      | Reached *** piety under Lugonu
  9330 | D:5      | Killed Duvessa
  9338 | D:5      | Killed Dowan
 10137 | D:6      | Reached skill level 7 in Fighting
 10149 | D:6      | Bought a scroll of identify for 20 gold pieces
 10149 | D:6      | Bought a scroll of teleportation for 30 gold pieces
 10149 | D:6      | Bought a scroll of remove curse for 30 gold pieces
 10149 | D:6      | Bought a scroll of blinking for 75 gold pieces
 10433 | D:6      | Killed Prince Ribbit
 11010 | D:7      | Killed Verendum's ghost
 11010 | D:7      | Reached skill level 5 in Dodging
 11010 | D:7      | Reached XP level 10. HP: 22/64 MP: 13/13
 11285 | D:7      | Found a burning altar of Makhleb.
 11286 | D:7      | Found a radiant altar of Vehumet.
 11294 | D:7      | Reached **** piety under Lugonu
 11993 | D:8      | Killed a two-headed ogre
 11993 | D:8      | Reached skill level 8 in Fighting
 12391 | D:8      | Killed PegasusDuck's ghost
 12504 | D:8      | Noticed a two-headed ogre
 12518 | D:8      | Killed a two-headed ogre
 12559 | D:8      | Reached XP level 11. HP: 41/69 MP: 15/15
 12846 | D:8      | Noticed a two-headed ogre
 12855 | D:8      | Killed a two-headed ogre
 12855 | D:8      | Reached skill level 9 in Fighting
 12877 | D:8      | Reached ***** piety under Lugonu
 13716 | D:9      | Found a staircase to the Lair.
 14415 | D:9      | Found Xaroi's Gadget Emporium.
 14815 | D:9      | Found a deep blue altar of Sif Muna.
 14836 | D:9      | Identified Sif Muna's Tome of Talismans
 14890 | D:10     | Entered Level 10 of the Dungeon
 14911 | D:10     | Noticed a two-headed ogre
 14937 | D:10     | Noticed Snorg
 14960 | D:10     | Killed Snorg
 16024 | D:10     | Noticed iamserjio's ghost (journeyman FoEE)
 16487 | Lair:1   | Entered Level 1 of the Lair of Beasts
 16699 | Lair:1   | Reached XP level 12. HP: 70/77 MP: 17/17
 16921 | Lair:1   | Reached skill level 10 in Fighting
 18452 | Lair:2   | Identified a scroll of acquirement
 18560 | Lair:2   | Noticed Gastronok
 18673 | Lair:3   | Slain by a blink frog

Vault maps used:
D:1:      minmay_arrival_five_plusses, corexii_item_surrounded_by_moat,
          item_on_display_a
D:2:      grunt_temple_overflow_open, first_ration, minmay_misc_feat_pillars
D:3:      corexii_shack_village, doesnt_xom_only_xom
D:4:      kennysheep_little_box, okawaru_altar_gauntlet_db, kennysheep_mini,
          serial_shops, nicolae_shop_stone
D:5:      minmay_temple_entry_nine_rooms, enter_ossuary_3,
          nicolae_alphabet_shops, uniq_duvessa, uniq_pikel, uniq_menkaure
D:6:      serial_shops, shop, serial_bayou_pond_c, uniq_prince_ribbit1
D:7:      grunt_temple_overflow_lords_of_destruction, grunt_decor_mini_mirrors,
          hangedman_misty_isle
D:9:      led_sif_book, grunt_lair_entry_orc_guard_hut, serial_shops,
          shop_statue, grunt_ogre_cave
D:10:     item_on_display_a, uniq_snorg, uniq_josephine
D:11:     hiddenorc1_lemuel
Temple:   hc_temple_tempest_star
Lair:1:   serial_bayou_ford_a
Lair:2:   st_stairs_4, uniq_gastronok
Lair:3:   shoals_dummy_entry
Abyss:2:  evilmike_abyss_exit_glass
Ossuary:  ossuary_due_cavern

Skill      XL: |  1  2  3  4  5  6  7  8  9 10 11 12 |
---------------+-------------------------------------+-----
Dodging        | 1 2 3 4 5 6 7 |  7.4
Fighting       | 4 5 6 7 8 9 10 | 10.2
Armour         | 3 4 5 7 8 9 |  9.9
Invocations    | 3 4 5 7 8 9 |  9.9
Maces & Flails | 3 4 5 6 7 8 9 |  9.1

Action                   |  1- 3 |  4- 6 |  7- 9 | 10-12 || total
-------------------------+-------+-------+-------+-------++-------
Melee: Mace              |   247 |   158 |       |       ||   405
       Flail             |       |   571 |   368 |       ||   939
       Kick              |       |    36 |   135 |   261 ||   432
       Whip              |       |       |   209 |   838 ||  1047
       Unarmed           |       |       |     4 |       ||     4
Invok: Depart the Abyss  |     1 |       |       |       ||     1
Evoke: Wand              |       |       |       |    11 ||    11
       Lamp of fire      |       |       |       |     1 ||     1
  Use: Scroll            |     8 |     6 |     9 |    10 ||    33
       Potion            |       |    10 |     6 |     4 ||    20
 Stab: Distracted        |       |       |     1 |       ||     1
       Confused          |       |       |       |     2 ||     2
  Eat: Ration            |     1 |     1 |       |       ||     2
       Chunk             |     2 |    11 |    15 |    25 ||    53
Armor: Plate armour      |   225 |   798 |   401 |       ||  1424
       Leather armour    |     1 |       |       |       ||     1
       Ring mail         |       |       |    64 |   266 ||   330
Dodge: Dodged            |    50 |   273 |   252 |   388 ||   963
Block: Other             |       |       |    45 |   147 ||   192
       Reflection        |       |       |       |     6 ||     6

Table legend:
 A = Spawn XP
 B = Non-spawn XP
 C = Spawn XP percentage of total XP
 D = Spawn monster count
 E = Non-spawn monster count
 F = Spawn count percentage of total count
 G = Total turns spent on level
                    A         B        C        D         E        F      G
               +---------+---------+-------+---------+---------+-------+---------
         Total |       0 |   22027 |   0.0 |       0 |     329 |   0.0 | 18673
               +---------+---------+-------+---------+---------+-------+---------
           D:1 |       0 |      23 |   0.0 |       0 |      15 |   0.0 |  1235
           D:2 |       0 |      22 |   0.0 |       0 |      12 |   0.0 |  1048
           D:3 |       0 |     311 |   0.0 |       0 |      46 |   0.0 |  2899
           D:4 |       0 |     931 |   0.0 |       0 |      19 |   0.0 |  1231
           D:5 |       0 |    1112 |   0.0 |       0 |      26 |   0.0 |  2193
           D:6 |       0 |    1373 |   0.0 |       0 |      35 |   0.0 |  1159
           D:7 |       0 |    2031 |   0.0 |       0 |      28 |   0.0 |  1488
           D:8 |       0 |    4879 |   0.0 |       0 |      38 |   0.0 |  1619
           D:9 |       0 |    3305 |   0.0 |       0 |      48 |   0.0 |  1954
          D:10 |       0 |    3422 |   0.0 |       0 |      29 |   0.0 |   933
          D:11 |       0 |     279 |   0.0 |       0 |       2 |   0.0 |    44
        Lair:1 |       0 |    2553 |   0.0 |       0 |      14 |   0.0 |  1276
        Lair:2 |       0 |    1773 |   0.0 |       0 |       9 |   0.0 |   902
       Ossuary |       0 |      13 |   0.0 |       0 |       8 |   0.0 |   419
               +---------+---------+-------+---------+---------+-------+---------
